 Dungeon Crawl Stone Soup version 0.22-a0-274-gf8199ec (webtiles) character file.

35 KristoblXynda the Chopper (level 3, -3/29 HPs)
             Began as a Draconian Gladiator on Mar 13, 2018.
             Killed by divine providence
             ... invoked by an orc priest
              (11 damage)
             ... on level 2 of the Dungeon.
             The game lasted 00:02:13 (1006 turns).

KristoblXynda the Chopper (Draconian Gladiator)     Turns: 1006, Time: 00:02:14

Health: -3/29      AC:  5    Str: 16    XL:     3   Next: 16%
Magic:  3/3        EV: 13    Int:  9    God:
Gold:   56         SH:  0    Dex: 12    Spells: 2/2 levels left

rFire    . . .     SeeInvis .   a - +0 war axe
rCold    . . .     Gourm    .   (no shield)
rNeg     . . .     Faith    .   (armour unavailable)
rPois    .         Spirit   .   b - +0 hat
rElec    .         Reflect  .   (no cloak)
rCorr    .         Harm     .   (no gloves)
MR       .....                  (no boots)
Stlth    +.........             (no amulet)
HPRegen  0.09/turn              (no ring)
MPRegen  0.08/turn              (no ring)

@: no status effects
A: unfitting armour, cold-blooded, AC +5
a: no special abilities


You were on level 2 of the Dungeon.
You were not hungry.

You visited 1 branch of the dungeon, and saw 2 of its levels.

You collected 56 gold pieces.

Inventory:

Hand Weapons
 a - a +0 war axe (weapon)
Missiles
 c - 3 throwing nets (quivered)
Armour
 b - a +0 hat (worn)
Scrolls
 e - a scroll of remove curse {unknown}
 g - a scroll of enchant armour {unknown}
 h - 3 scrolls of identify {unknown}
 i - a scroll of random uselessness {unknown}
 j - a scroll of teleportation {unknown}
 m - a scroll of immolation {unknown}
Potions
 f - a potion of flight {unknown}
 k - a potion of agility {unknown}
 l - a potion of invisibility {unknown}
 o - a potion of haste {unknown}
Comestibles
 d - 6 rations
 n - 2 chunks of flesh


   Skills:
 - Level 2.1 Fighting
 * Level 3.8 Axes
 - Level 2.0 Throwing
 + Level 3.1 Dodging


You had 2 spell levels left.
You didn't know any spells.

Dungeon Overview and Level Annotations

Branches:
Dungeon (2/15)

Altars:


Innate Abilities, Weirdness & Mutations

Your plain brown scales are hard. (AC +5)
You cannot fit into any form of body armour.
You are cold-blooded and may be slowed by cold attacks.


Message History

The orc shouts!
The orc hits you but does no damage.
You barely miss the orc. You closely miss the orc.
The orc hits you but does no damage.
An orc priest comes into view. It is wielding a dagger.
You barely miss the orc.
The orc priest shouts!
You hit the orc. The orc barely misses you. The orc hits you with a dagger.
You hit the orc.
The orc is almost dead.
You hit the orc but do no damage. x2; The orc misses you.
The orc hits you but does no damage. The orc barely misses you. x2
The orc hits you. The orc hits you but does no damage.
The orc priest mumbles some strange prayers to Beogh against you.
Beogh smites you!
* * * LOW HITPOINT WARNING * * *
The orc barely misses you.
The orc priest calls down the wrath of Beogh upon you.
Beogh smites you!
You die...

#.#.##
##.......##
#.###
##.....##
#.# ##...##
#.# ##'##
... #(# ...
#(#
##(########
##..(......#
#...(@####.#
#...oo#
#....o#
..$....oo
###......#
####....
######


You could see an orc priest and 4 orcs.

Vanquished Creatures
  2 dart slugs
  A leopard gecko (D:1)
  5 giant cockroaches
  4 goblins
  2 hobgoblins
  A quokka (D:2)
  3 bats (D:1)
  2 frilled lizards
  6 kobolds (D:1)
  3 rats
29 creatures vanquished.

Notes
Turn   | Place    | Note
-------+----------+-------------------------------------------
     0 | D:1      | KristoblXynda the Draconian Gladiator began the quest for the Orb.
     0 | D:1      | Reached XP level 1. HP: 17/17 MP: 1/1
    72 | D:1      | Reached XP level 2. HP: 18/24 MP: 2/2
   906 | D:2      | Reached XP level 3. HP: 27/29 MP: 3/3
  1006 | D:2      | Killed from afar by an orc priest

Vault maps used:
D:1:      erik_arrival_triangle_small, minmay_misc_feat_encased,
          minmay_nonomino_d4
D:2:      first_ration

Skill      XL: |  1  2 |
---------------+-------+-----
Throwing       | 2 |  2.0
Dodging        | 3 |  3.1
Fighting       | |  2.1
Axes           | |  3.8

Action                   || total
-------------------------++-------
Melee: War axe           ||    79
       Tailslap          ||     7
 Stab: Sleeping          ||     1
Armor: Skin              ||    24
Dodge: Dodged            ||    72

Table legend:
 A = Spawn XP
 B = Non-spawn XP
 C = Spawn XP percentage of total XP
 D = Spawn monster count
 E = Non-spawn monster count
 F = Spawn count percentage of total count
 G = Total turns spent on level
                    A         B        C        D         E        F      G
               +---------+---------+-------+---------+---------+-------+---------
         Total |       0 |      50 |   0.0 |       0 |      28 |   0.0 |  1006
               +---------+---------+-------+---------+---------+-------+---------
           D:1 |       0 |      37 |   0.0 |       0 |      21 |   0.0 |   834
           D:2 |       0 |      13 |   0.0 |       0 |       7 |   0.0 |   172
               +---------+---------+-------+---------+---------+-------+---------
